 Dungeon Crawl Stone Soup version 0.30.1-11-g7821555f0a (webtiles) character file.

Game seed: 11877423538649794371

381132 Klatu the Devastator (level 23, -4/181 HPs)
             Began as a Human Conjurer on Oct 13, 2023.
             Was the Champion of Vehumet.
             Slain by a phantasmal warrior (31 damage)
             ... on level 5 of the Vaults on Oct 30, 2023.
             The game lasted 08:12:47 (58089 turns).

Klatu the Devastator (Human Conjurer)              Turns: 58089, Time: 08:12:48

Health: -4/181     AC: 14    Str:  8    XL:     23   Next: 97%
Magic:  12/51      EV: 21    Int: 36    God:    Vehumet [******]
Gold:   2542       SH:  0    Dex: 16    Spells: 5/53 levels left

rFire   + . .        A - staff of conjuration
rCold   + . .        R - orb {light}
rNeg    . . .        j - +4 robe "Esitewk" {rPois Will++ rCorr Dex+2 Archmagi}
rPois   +            O - +2 helmet {Int+3}
rElec   .            B - scarf {rC+ rF+}
rCorr   +            H - +2 pair of gloves
SInv    .            N - +2 pair of boots
Will    +++..        Z - amulet of magic regeneration
Stlth   +            y - +6 ring of intelligence
HPRegen 0.50/turn    e - ring of magical power
MPRegen 0.72/turn

%: archmagi
@: about to teleport, glowing, studying Hexes
A: deformed body
}: 2/15 runes: decaying, gossamer
a: Renounce Religion


You were on level 5 of the Vaults.
You worshipped Vehumet.
Vehumet was exalted by your worship.
You visited 8 branches of the dungeon, and saw 39 of its levels.
You also visited: Ossuary, Gauntlet, Ice Cave and Desolation.

You collected 5279 gold pieces.
You spent 2737 gold pieces at shops.

Inventory:

Armour
 j - the +4 robe "Esitewk" (worn) {rPois Will++ rCorr Dex+2 Archmagi}
   (You found it on level 2 of the Dungeon)

   Dex:       It affects your dexterity (+2).
   rPois:     It protects you from poison.
   rCorr:     It protects you from acid and corrosion.
   Archmagi:  It increases the power of your magical spells.
   Will:      It greatly increases your willpower.
 B - a scarf of resistance (worn)
 H - a +2 pair of gloves (worn)
 N - a +2 pair of boots (worn)
 O - a +2 helmet of intelligence (worn)
 R - an orb of light (worn)
Magical Staves
 A - a staff of conjuration (weapon)
Jewellery
 e - a ring of magical power (right hand)
 r - a ring of fire
 t - the ring of Xoaggaun {rC+ Str+6 Stlth+}
   (You found it in an ice cave)

   [ring of strength]

   Str:       It affects your strength (+6).
   rC:        It protects you from cold.
   Stlth:     It makes you more stealthy.
 v - a ring of flight
 y - a +6 ring of intelligence (left hand)
 C - the ring of the Monkey's Uncle {Drain rElec MP+9 Str+3 Dex+2}
   (You found it in an ice cave)

   [ring of magical power]

   Str:       It affects your strength (+3).
   Dex:       It affects your dexterity (+2).
   rElec:     It insulates you from electricity.
   MP:        It affects your magic capacity (+9).
   Drain:     It drains your maximum health when unequipped.
 Z - an amulet of magic regeneration (around neck)
Wands
 w - a wand of digging (16)
Scrolls
 b - 3 scrolls of butterflies
 c - 3 scrolls of enchant weapon
 d - 6 scrolls of fear
 m - 25 scrolls of teleportation
 n - 6 scrolls of poison
 p - a scroll of brand weapon
 D - a scroll of enchant armour
 E - 10 scrolls of immolation
 G - 2 scrolls of magic mapping
 I - 7 scrolls of fog
 J - 2 scrolls of blinking
 K - 5 scrolls of amnesia
 L - 9 scrolls of vulnerability
 P - a scroll of acquirement
 T - 4 scrolls of silence
 U - 14 scrolls of identify
Potions
 a - 9 potions of brilliance
 f - 14 potions of mutation
 g - 10 potions of flight
 h - 4 potions of haste
 i - 2 potions of cancellation
 k - 2 potions of magic
 l - 19 potions of curing
 q - 3 potions of ambrosia
 s - 5 potions of heal wounds
 u - 3 potions of berserk rage
 x - 5 potions of lignification
 z - a potion of resistance
 F - 8 potions of might
 Q - a potion of invisibility


   Skills:
 + Level 15.1 Fighting
 - Level 12.0 Staves
 + Level 15.4 Dodging
 - Level 5.2 Stealth
 + Level 15.5 Spellcasting
 + Level 18.7 Conjurations
 - Level 14.3 Hexes
 * Level 15.2 Earth Magic
 - Level 9.6 Poison Magic


You had 5 spell levels left.
You knew the following spells:

 Your Spells              Type           Power      Damage    Failure   Level
a - Orb of Destruction    Conj           76%        9d17      1%          7
b - Iron Shot             Conj/Erth      73%        9d13      1%          6
c - Olgreb's Toxic Radia  Pois           98%        N/A       1%          4
d - Fulminant Prism       Conj/Hex       73%        3d29      0%          4
e - Ignite Poison         Fire/Tmut/Pois 67%        N/A       1%          3
f - Iskenderun's Battles  Conj           100%       2d15      0%          5
g - Searing Ray           Conj           100%       2d8       0%          2
h - Arcjolt               Conj/Air       60%        1d70      1%          5
i - Freezing Cloud        Conj/Ice/Air   52%        6-21      1%          5
j - Airstrike             Air            21%        2d(3-19)  3%          4
k - Passwall              Tmut/Erth      74%        N/A       1%          2
l - Shock                 Conj/Air       100%       1d9       1%          1

Your spell library contained the following spells:

 Spells                   Type           Power      Damage    Failure   Level
 Chain Lightning          Conj/Air       60%        3d80      99%         9
 Fire Storm               Conj/Fire      60%        8d15      99%         9
 Maxwell's Capacitive Co  Air            21%        ∞         100%        8
 Magic Dart               Conj           100%       1d8       0%          1
 Slow                     Hex            100%       N/A       0%          1
 Confusing Touch          Hex            100%       N/A       0%          3
 Dazzling Flash           Conj/Hex       100%       N/A       0%          3
 Tukima's Dance           Hex            100%       N/A       0%          3
 Apportation              Tloc           84%        N/A       1%          1
 Freeze                   Ice            100%       1d10      1%          1
 Kiss of Death            Conj/Necr      100%       2d13      1%          1
 Necrotise                Necr           100%       1d9       1%          1
 Sting                    Tmut/Pois      100%       1d8       1%          1
 Summon Small Mammal      Summ           100%       N/A       1%          1
 Blink                    Tloc           84%        N/A       1%          2
 Call Imp                 Summ           84%        N/A       1%          2
 Lesser Beckoning         Tloc           84%        N/A       1%          2
 Poisonous Vapours        Pois/Air       100%       N/A       1%          2
 Scorch                   Fire           84%        2d8       1%          2
 Wereblood                Tmut           42%        N/A       1%          2
 Frozen Ramparts          Ice            84%        1d13      1%          3
 Hailstorm                Conj/Ice       100%       3d20      1%          3
 Mephitic Cloud           Conj/Pois/Air  100%       N/A       1%          3
 Spider Form              Tmut/Pois      76%        N/A       1%          3
 Volatile Blastmotes      Fire/Tloc      84%        2d17      1%          3
 Iskenderun's Mystic Bla  Conj/Tloc      100%       2d19      1%          4
 Petrify                  Tmut/Erth      89%        N/A       1%          4
 Borgnjor's Vile Clutch   Necr/Erth      44%        N/A       1%          5
 Fireball                 Conj/Fire      60%        3d23      1%          5
 Metabolic Englaciation   Hex/Ice        44%        N/A       1%          5
 Summon Mana Viper        Hex/Summ       88%        N/A       1%          5
 Yara's Violent Unravell  Hex/Tmut       44%        3d17      1%          5
 Ozocubu's Armour         Ice            42%        N/A       4%          3
 Vampiric Draining        Necr           42%        2d9       4%          3
 Vhi's Electric Charge    Tloc/Air       84%        N/A       4%          3
 Alistair's Intoxication  Tmut/Pois      50%        N/A       4%          5
 Dispel Undead            Necr           42%        3d17      13%         4
 Manifold Assault         Tloc           42%        N/A       13%         4
 Passage of Golubria      Tloc           42%        N/A       13%         4
 Agony                    Necr           42%        N/A       36%         5
 Summon Forest            Summ/Tloc      21%        N/A       36%         5
 Conjure Ball Lightning   Conj/Air       60%        3x3d22    1%          6
 Starburst                Conj/Fire      60%        6d16      1%          6
 Eringya's Noxious Bog    Tmut/Pois      38%        N/A       8%          6
 Statue Form              Tmut/Erth      59%        N/A       9%          6
 Simulacrum               Ice/Necr       21%        N/A       90%         6
 Summon Cactus Giant      Summ           21%        N/A       90%         6
 Storm Form               Tmut/Air       21%        N/A       100%        7
 Summon Hydra             Summ           21%        N/A       100%        7
 Necromutation            Tmut/Necr      21%        N/A       100%        8
 Summon Horrible Things   Summ           21%        N/A       100%        8


Dungeon Overview and Level Annotations

Branches:
Dungeon (15/15)            Temple (1/1) D:6            Lair (5/5) D:11
  Swamp (4/4) Lair:3       Spider (4/4) Lair:2        Slime (0/5) Lair:4
    Orc (2/2) D:9             Elf (3/3) Orc:2        Vaults (4/5) D:13
  Crypt (0/3) Vaults:2     Depths (0/4) D:15        Ossuary (visited)
  IceCv (visited)         Desolation (visited)      Gauntlet (visited)

Altars:
Ashenzari
Cheibriados
Dithmenos
Elyvilon
Fedhas
Gozag
Hepliaklqana
Kikubaaqudgha
Makhleb
Nemelex Xobeh
Okawaru
Qazlal
Ru
Sif Muna
Trog
Uskayaw
Vehumet
Wu Jian
Xom
Yredelemnul
Zin
The Shining One
Jiyva

Shops:
D:14 *   Orc:1 *   Orc:2 :[=!   Elf:1 !*[[   Elf:2 (   Vaults:2 ?!*
Vaults:3 =

Annotations:
Orc:1 3 runed translucent doors, exclusion: obsidian statue, Veudig's ghost, journeyman HOFi
Vaults:1 3 runed translucent doors, Adoajy's ghost, adept DsWr


Innate Abilities, Weirdness & Mutations

Armour fits poorly on your strangely shaped body.


Message History

Press: ? - help, Dir - move target
As you read the scroll of blinking, it crumbles to dust.
Okay, then.
Unknown command.
As you read the scroll of teleportation, it crumbles to dust.
You feel strangely unstable.
The quicksilver dragon breathes dispelling energy at you.
The bolt of dispelling energy hits your battlesphere!!
Your battlesphere is destroyed!
The bolt of dispelling energy misses you.
The golden dragon breathes fire at you. The bolt of fire misses you.
Your surroundings suddenly seem different.
A snapping turtle comes into view.
The yaktaur captain wields a +0 arbalest.
The yaktaur captain shoots a bolt.
The bolt closely misses you.
Okay, then.
Unknown command.
As you read the scroll of fear, it crumbles to dust.
You assume a fearsome visage.
The purple very ugly thing looks frightened!
The quicksilver dragon resists with almost no effort.
The golden dragon resists with almost no effort.
The deep elf high priest resists with some effort.
The shadow dragon resists with almost no effort.
The phantasmal warrior is unaffected.
The snapping turtle looks frightened!
The ironbound preserver looks frightened!
The yaktaur captain looks frightened!
The deep elf high priest hits you with a +0 short sword.
* * * LOW HITPOINT WARNING * * *
Unknown command.
A deep elf death mage comes into view.
It is wielding the +3 falchion "Orb Guardian's Doom" {vamp, *Corrode rF+ Str+3}.
The deep elf death mage shouts!
You hear a shout! x2
The snapping turtle changes into a water nymph!
The water nymph is empowered by the deep elf high priest's aura!
The deep elf high priest closely misses you.
The phantasmal warrior hits you but does no damage.
As you read the scroll of teleportation, it crumbles to dust.
You feel strangely unstable. The phantasmal warrior hits you!!
You die...

#. #....#...# #....#...# ####
#....#... ##..## .##....#..
#+ ####....### #.#....#.#
#c###..p......##
.)#....#T#####)..D)...u.....#
#c#.C.YeTT##....@e..........#
......DQ.eDm.).W.D..........#
#..[[.T.u.###################
..[[<<[e.......
.[.<[)<........
..[[<<..........
...$..[.........
#...[.....###### ...[...[....


You could see a shadow dragon, an ironbound preserver (empowered, fleeing), a
golden dragon, a purple very ugly thing (fleeing), a quicksilver dragon, a
yaktaur captain (fleeing), a deep elf death mage (empowered), a deep elf high
priest (brilliance aura, sheltered), a phantasmal warrior and a water nymph
shaped shifter (empowered).

Vanquished Creatures
  Bai Suzhen (Vaults:4)
  the Lernaean hydra (Swamp:4)
  A golden dragon (IceCv)
  Rupert (D:15)
  3 deep elf blademasters
  Mlioglotl (Swamp:2)
  2 titans
  2 deep elf master archers (Elf:3)
  Kirke (D:12)
  4 tengu reavers
  2 sphinxes
  2 shadow dragons
  A thorn hunter (Swamp:3)
  6 emperor scorpions
  4 deep elf sorcerers (Elf:3)
  6 ghost moths
  2 imperial myrmidons (Desolation)
  12 vault wardens
  Louise (D:15)
  6 deep elf elementalists (Elf:3)
  An orc warlord (Vaults:3)
  6 very ugly things
  14 ironbound preservers
  13 ironbound thunderhulks
  2 broodmothers
  2 stone giants
  2 halazid warlocks (Desolation)
  8 eleionomae
  4 deep elf demonologists (Elf:3)
  A spark wasp (shapeshifter) (Vaults:4)
  6 deep elf annihilators (Elf:3)
  4 spark wasps
  5 bunyips
  A minotaur (Gauntlet)
  10 dire elephants
  Snorg (D:12)
  4 deep elf death magi (Elf:3)
  A crystal guardian (Desolation)
  6 ragged hierophants (Desolation)
  9 deep elf high priests (Elf:3)
  3 ettins
  4 shambling mangroves
  7 yaktaur captains
  5 great orbs of eyes
  14 hydras
  Harold (D:9)
  5 ice dragons (IceCv)
  9 peacekeepers
  A ghost crab (Swamp:2)
  3 servants of whispers (Desolation)
  5 entropy weavers
  2 spriggan air magi (Swamp:3)
  27 vault guards
  5 radroaches
  Erolcha (Orc:2)
  5 ogre magi
  12 ironbound frosthearts
  3 jorogumos
  19 centaur warriors
  10 two-headed ogres
  22 dancing weapons
  17 death yaks
  9 alligators
  A catoblepas (Lair:5)
  2 tengu warriors (D:15)
  7 boulder beetles
  Urug (Lair:5)
  2 spriggan berserkers
  An orc high priest (Orc:1)
  Nergalle (Lair:3)
  13 deep elf knights
  4 skysharks
  6 pharaoh ants
  6 goliath frogs
  5 skeletal warriors (D:11)
  A sea snake (shapeshifter) (D:15)
  16 swamp dragons
  3 sun moths
  17 deep trolls
  3 spriggan druids
  7 deep elf archers
  An obsidian statue (Vaults:3)
  7 wizards
  22 ironbound convokers
  11 orb spiders
  A harpy (Vaults:3)
  4 bog bodies
  6 steelbarb worms
  4 orc knights
  A necromancer (Gauntlet)
  An orange crystal statue (IceCv)
  23 deep elf pyromancers
  8 lindwurms
  A faun (shapeshifter) (Vaults:4)
  A glowing shapeshifter (Vaults:5)
  16 wolf spiders
  24 deep elf zephyrmancers
  A cyclops (D:14)
  9 orc sorcerers
  2 manticores
  21 ugly things
  An oklob plant (Lair:3)
  4 moths of wrath
  7 will-o-the-wisps
  7 torpor snails
  20 elephants
  A black mamba (Lair:5)
  A black mamba (shapeshifter) (D:13)
  A guardian serpent (shapeshifter) (Vaults:4)
  A guardian serpent (Desolation)
  22 cane toads
  15 vault sentinels
  7 demonic crawlers
  A cane toad (shapeshifter) (D:15)
  3 molten gargoyles (Desolation)
  5 orange demons (D:11)
  3 storm dragon simulacra (IceCv)
  An unseen horror (D:11)
  2 gargoyles
  A kobold demonologist (D:10)
  13 komodo dragons
  An efreet (D:15)
  An unseen horror (shapeshifter) (D:14)
  5 rime drakes
  10 yaktaurs
  4 red devils (D:11)
  A komodo dragon (shapeshifter) (Elf:1)
  3 meliai (Spider:4)
  A tengu conjurer (D:15)
  4 polar bears
  5 golden dragon simulacra (IceCv)
  A bloated husk (Swamp:1)
  13 trolls
  4 tyrant leeches
  A troll (shapeshifter) (Vaults:1)
  17 hornets
  A wind drake (shapeshifter) (D:11)
  A polar bear (shapeshifter) (Elf:2)
  41 saltlings (Desolation)
  21 tarantellas
  19 blink frogs
  30 culicivoras
  A spriggan (shapeshifter) (Elf:1)
  A culicivora (shapeshifter) (D:14)
  26 jumping spiders
  3 wyverns
  4 air elementals
  A vampire (D:9)
  37 slime creatures
  2 water elementals
  A wraith (D:13)
  7 shadows
  6 hogs (D:12)
  27 yaks
  16 spriggans
  A hog (shapeshifter) (Elf:3)
  16 humans (D:13)
  2 steam dragons
  62 redbacks
  2 fire elementals
  2 basilisks
  Menkaure (D:4)
  24 vampire mosquitoes
  2 wargs (Orc:1)
  2 acid dragons
  17 swamp worms
  10 water moccasins
  8 swamp drakes
  8 orc warriors
  An ice beast (D:6)
  A black bear (D:4)
  2 sky beasts (D:7)
  14 ogres
  3 hornet zombies (Ossuary)
  8 ice dragon simulacra (IceCv)
  18 centaurs
  3 wolves (Lair:2)
  2 phantoms
  6 kobold brigands
  3 scorpions
  15 bullfrogs
  5 earth elementals
  4 gnoll sergeants
  A wyvern zombie (Ossuary)
  2 water moccasin zombies (Ossuary)
  6 wights
  7 jellies
  19 killer bees
  5 lindwurm simulacra (IceCv)
  3 howler monkeys
  10 electric eels
  A lava snake (Lair:5)
  6 bullfrog zombies (Ossuary)
  7 centaur zombies (Ossuary)
  5 hounds
  6 orc priests
  Crazy Yiuf (D:4)
  Jessica (D:2)
  3 sleepcaps
  Terence (D:2)
  12 iguanas
  35 orc wizards
  2 killer bee zombies (Ossuary)
  15 mummies (Ossuary)
  3 howler monkey zombies (Ossuary)
  2 adders
  18 gnolls
  3 white imps
  2 ufetubi (D:6)
  A worm (D:3)
  A dart slug (D:1)
  57 orcs
  7 bats
  4 endoplasms
  2 giant cockroaches
  7 hobgoblins
  2 jackals (D:1)
  7 quokkas
  4 ball pythons
  3 frilled lizards
  3 goblins
  18 kobolds
  9 rats
1583 creatures vanquished.

Vanquished Creatures (others)
  An orc knight (D:13)
  17 foxfires
  113 fulminant prisms
131 creatures vanquished.

Grand Total: 1714 creatures vanquished

Notes
Turn   | Place    | Note
-------+----------+-------------------------------------------
     0 | D:1      | Klatu the Human Conjurer began the quest for the Orb.
     0 | D:1      | Reached XP level 1. HP: 13/13 MP: 3/3
   119 | D:1      | Reached XP level 2. HP: 19/19 MP: 0/5
   519 | D:1      | Learned a level 2 spell: Searing Ray
   890 | D:1      | Reached XP level 3. HP: 24/24 MP: 3/6
  1236 | D:1      | Reached skill level 5 in Conjurations
  1705 | D:2      | Noticed Terence
  1830 | D:2      | Reached XP level 4. HP: 30/30 MP: 2/7
  1913 | D:2      | Identified the +4 robe "Esitewk" {rPois Will++ rCorr Dex+2
                  | Archmagi}
  1926 | D:2      | Noticed Jessica
  1933 | D:2      | Killed Jessica
  2258 | D:3      | Learned a level 4 spell: Olgreb's Toxic Radiance
  3184 | D:2      | Killed Terence
  3185 | D:2      | Reached skill level 1 in Poison Magic
  3185 | D:2      | Reached XP level 5. HP: 21/35 MP: 5/8
  3522 | D:4      | Found a sparkling altar of Nemelex Xobeh.
  3526 | D:4      | Noticed a black bear
  3551 | D:4      | Reached skill level 1 in Staves
  3630 | D:4      | Noticed Menkaure
  3737 | D:4      | Killed a black bear
  3738 | D:4      | Reached XP level 6. HP: 35/41 MP: 2/10
  3931 | D:4      | Reached skill level 6 in Conjurations
  3931 | D:4      | Reached XP level 7. HP: 46/46 MP: 5/11
  4018 | D:4      | Found a runed translucent door.
  4019 | D:4      | Noticed Crazy Yiuf
  4246 | D:4      | Killed Crazy Yiuf
  4357 | D:4      | Killed Menkaure
  4701 | D:5      | Entered Level 5 of the Dungeon
  4714 | D:5      | Reached XP level 8. HP: 52/52 MP: 9/13
  4718 | D:5      | Identified the +1 dagger of Breach {protect, rF+ rC+}
  5184 | D:6      | Found a sand-covered staircase.
  5190 | Ossuary  | Entered an ossuary
  5219 | Ossuary  | Reached skill level 5 in Poison Magic
  5706 | Ossuary  | Reached XP level 9. HP: 54/57 MP: 8/16
  5809 | Ossuary  | Reached skill level 5 in Spellcasting
  6027 | Ossuary  | Reached skill level 5 in Staves
  6404 | D:6      | Found a staircase to the Ecumenical Temple.
  6419 | Temple   | Entered the Ecumenical Temple
  6503 | Temple   | Became a worshipper of Vehumet
  6550 | D:6      | Found a stormy altar of Qazlal.
  7479 | D:5      | Found an ornate altar of the Wu Jian Council.
  7762 | D:5      | Identified the staff of poison "Qim Kica" {rPois Will+
                  | Dex+3}
  7832 | D:5      | Reached skill level 1 in Fighting
  8110 | D:7      | Reached * piety under Vehumet
  8110 | D:7      | Offered knowledge of Shock by Vehumet.
  8111 | D:7      | Reached XP level 10. HP: 66/66 MP: 6/19
  8113 | D:7      | Learned a level 1 spell: Shock
  8360 | D:7      | Noticed a gargoyle
  8831 | D:7      | Identified the +3 leather armour of Zazxies {Regen+}
  9266 | D:6      | Found a basalt altar of Yredelemnul.
  9514 | D:8      | Found a shimmering blue altar of Sif Muna.
  9607 | D:8      | Found a transporter.
  9607 | D:8      | Found a transporter.
  9653 | D:8      | Found a viscous altar of Jiyva.
  9737 | D:8      | Offered knowledge of Scorch by Vehumet.
  9744 | D:8      | Learned a level 2 spell: Scorch
  9825 | D:8      | Reached ** piety under Vehumet
  9877 | D:8      | Found a large runed translucent door.
  9878 | D:8      | Found a large runed translucent door.
  9905 | D:8      | Found a snail-covered altar of Cheibriados.
  9988 | D:8      | Found a broken altar of Ashenzari.
 10435 | D:8      | Found a sacrificial altar of Ru.
 10780 | D:9      | Reached XP level 11. HP: 75/75 MP: 3/22
 10978 | D:9      | Noticed Harold
 12097 | D:9      | Found a staircase to the Orcish Mines.
 12099 | D:9      | Offered knowledge of Inner Flame by Vehumet.
 12644 | D:10     | Entered Level 10 of the Dungeon
 12644 | D:10     | Found a bloodstained altar of Trog.
 12732 | D:10     | Reached *** piety under Vehumet
 12838 | D:10     | Found an opulent altar of Gozag.
 13026 | D:10     | Offered knowledge of Ignite Poison by Vehumet.
 13092 | D:10     | Found a burning altar of Makhleb.
 13097 | D:10     | Learned a level 3 spell: Ignite Poison
 13097 | D:10     | Upgraded the game from 0.30.1-9-gdf580d7c3d to
                  | 0.30.1-11-g7821555f0a
 13404 | D:10     | Found a hazy altar of Hepliaklqana.
 13600 | D:11     | Noticed a two-headed ogre
 13842 | D:11     | Learned a level 4 spell: Fulminant Prism
 13906 | D:11     | Reached XP level 12. HP: 63/83 MP: 24/24
 13909 | D:11     | Reached skill level 1 in Hexes
 13910 | D:11     | Reached skill level 5 in Stealth
 13916 | D:11     | Reached **** piety under Vehumet
 14277 | D:11     | Reached skill level 5 in Dodging
 14502 | D:11     | Offered knowledge of Arcjolt by Vehumet.
 14509 | D:11     | Learned a level 5 spell: Arcjolt
 14739 | D:11     | Found a staircase to the Lair.
 14787 | D:11     | Killed a two-headed ogre
 14977 | D:11     | Reached skill level 7 in Conjurations
 15223 | D:11     | Noticed a boulder beetle
 15229 | D:11     | Killed a boulder beetle
 15248 | D:11     | Noticed a skyshark
 15251 | D:11     | a skyshark changed into a manticore
 15496 | D:12     | Noticed a boulder beetle
 15502 | D:12     | Killed a boulder beetle
 15560 | D:12     | Noticed Snorg
 15565 | D:12     | Killed Snorg
 15879 | D:12     | Noticed a two-headed ogre
 15884 | D:12     | Killed a two-headed ogre
 15987 | D:12     | Reached skill level 5 in Fighting
 15987 | D:12     | Reached skill level 10 in Staves
 16085 | D:12     | Reached skill level 8 in Conjurations
 16086 | D:12     | Noticed a two-headed ogre
 16091 | D:12     | Killed a two-headed ogre
 16092 | D:12     | Reached XP level 13. HP: 72/91 MP: 5/25
 16382 | D:12     | Noticed Kirke
 16386 | D:12     | Reached skill level 5 in Hexes
 16389 | D:12     | Killed Kirke
 17327 | D:11     | Reached skill level 9 in Conjurations
 17790 | Orc:1    | Entered Level 1 of the Orcish Mines
 17832 | Orc:1    | Found a runed translucent gate.
 17833 | Orc:1    | Found a runed translucent gate.
 17835 | Orc:1    | Found a runed translucent gate.
 17836 | Orc:1    | Found an opulent altar of Gozag.
 17837 | Orc:1    | Noticed Veudig's ghost (journeyman HOFi)
 17838 | Orc:1    | Found Qengopt's Assorted Antiques.
 17971 | Orc:1    | Noticed an ettin
 18008 | D:9      | Killed Harold
 18683 | Lair:1   | Entered Level 1 of the Lair of Beasts
 19538 | Lair:1   | Reached XP level 14. HP: 101/101 MP: 22/27
 20281 | Lair:2   | Found a hole to the Spider Nest.
 20529 | Lair:2   | Reached skill level 10 in Conjurations
 21497 | Lair:2   | Reached ***** piety under Vehumet
 21510 | Lair:2   | Offered knowledge of Airstrike by Vehumet.
 21521 | Lair:2   | Learned a level 4 spell: Airstrike
 22547 | Lair:3   | Found a staircase to the Swamp.
 22608 | Lair:3   | Noticed Nergalle
 22615 | Lair:3   | Killed Nergalle
 23456 | Lair:4   | Found a staircase to the Slime Pits.
 23819 | Lair:4   | Reached skill level 11 in Conjurations
 23833 | Lair:4   | Reached skill level 10 in Spellcasting
 24096 | Lair:4   | You fall into a shaft and drop 1 floor!
 24096 | Lair:5   | Entered Level 5 of the Lair of Beasts
 24096 | Lair:5   | Noticed Urug
 24102 | Lair:5   | Reached XP level 15. HP: 78/108 MP: 27/29
 24280 | Lair:4   | Found a viscous altar of Jiyva.
 24509 | Lair:4   | Offered knowledge of Yara's Violent Unravelling by Vehumet.
 24516 | Lair:4   | Learned a level 5 spell: Yara's Violent Unravelling
 25170 | Orc:2    | Entered Level 2 of the Orcish Mines
 25823 | Orc:2    | Found a staircase to the Elven Halls.
 25939 | Orc:2    | Found Oruodaa's Distillery.
 25959 | Orc:2    | Found a radiant altar of Vehumet.
 25960 | Orc:2    | Noticed Erolcha
 25964 | Orc:2    | Killed Erolcha
 25974 | Orc:2    | Reached skill level 10 in Hexes
 26009 | Orc:2    | Found an ancient bone altar of Kikubaaqudgha.
 26100 | Orc:2    | Found Diraxt's Book Shop.
 26108 | Orc:2    | Bought a book of the Spheres for 810 gold pieces
 26114 | Orc:2    | Learned a level 5 spell: Iskenderun's Battlesphere
 26173 | Orc:2    | Found Orut's Antique Armour Boutique.
 26198 | Orc:2    | Found Amoaf's Jewellery Shop.
 26475 | Orc:2    | Bought a potion of mutation for 128 gold pieces
 26475 | Orc:2    | Bought a potion of curing for 48 gold pieces
 26475 | Orc:2    | Bought a potion of brilliance for 64 gold pieces
 26475 | Orc:2    | Bought a potion of mutation for 128 gold pieces
 26475 | Orc:2    | Bought a potion of curing for 48 gold pieces
 26506 | Orc:2    | Bought a pair of gloves for 130 gold pieces
 26898 | Lair:5   | Reached skill level 12 in Conjurations
 27379 | Lair:5   | Offered knowledge of Iron Shot by Vehumet.
 27419 | Lair:5   | Learned a level 6 spell: Iron Shot
 27756 | Lair:5   | Killed Urug
 27764 | Lair:5   | Reached XP level 16. HP: 118/118 MP: 23/30
 28450 | Spider:1 | Entered Level 1 of the Spider Nest
 28729 | Spider:1 | Reached skill level 13 in Conjurations
 28907 | Spider:1 | Identified the +5 bardiche "Tuerett" {freeze, Int-5 Dex+5}
 29020 | Spider:1 | HP: 6/120 [demonic crawler (1)]
 29933 | Spider:2 | Reached XP level 17. HP: 126/126 MP: 32/32
 29990 | Spider:2 | Reached ****** piety under Vehumet
 30550 | Spider:3 | Offered knowledge of Lee's Rapid Deconstruction by Vehumet.
 30553 | Spider:3 | Reached skill level 10 in Dodging
 31064 | Spider:3 | Reached skill level 14 in Conjurations
 31757 | Spider:4 | Entered Level 4 of the Spider Nest
 32014 | Spider:4 | Reached skill level 10 in Fighting
 32018 | Spider:4 | Offered knowledge of Spellforged Servitor by Vehumet.
 32044 | Spider:4 | Found a frozen archway.
 32050 | IceCv    | Entered an ice cave
 33013 | IceCv    | Noticed a golden dragon
 33016 | IceCv    | Killed a golden dragon
 33070 | IceCv    | Identified the ring of Xoaggaun {rC+ Str+6 Stlth+}
 33074 | IceCv    | Identified the ring of the Monkey's Uncle {Drain rElec MP+9
                  | Str+3 Dex+2}
 33172 | Spider:4 | Offered knowledge of Freezing Cloud by Vehumet.
 33179 | Spider:4 | Learned a level 5 spell: Freezing Cloud
 33194 | Spider:4 | Reached XP level 18. HP: 94/135 MP: 33/33
 34378 | Spider:4 | Reached skill level 15 in Conjurations
 34752 | Spider:4 | Got a gossamer rune of Zot
 34955 | Swamp:1  | Entered Level 1 of the Swamp
 35600 | Swamp:1  | Offered knowledge of Plasma Beam by Vehumet.
 37049 | Swamp:2  | Identified 2 scrolls of acquirement
 37050 | Swamp:2  | Acquired 499 gold pieces
 37051 | Swamp:2  | Acquired a staff of conjuration
 37160 | Swamp:2  | Reached skill level 1 in Earth Magic
 37196 | Swamp:2  | Noticed Mlioglotl
 37639 | Swamp:2  | Killed Mlioglotl
 37640 | Swamp:2  | Reached XP level 19. HP: 143/143 MP: 16/35
 38011 | Swamp:3  | Found the +5 demon whip "Spellbinder" {antimagic, disrupt,
                  | Will+}
 38640 | Swamp:4  | Entered Level 4 of the Swamp
 38716 | Swamp:4  | Reached skill level 16 in Conjurations
 39442 | Swamp:4  | Offered knowledge of Fire Storm by Vehumet.
 39442 | Swamp:4  | Offered knowledge of Chain Lightning by Vehumet.
 39442 | Swamp:4  | Offered knowledge of Maxwell's Capacitive Coupling by
                  | Vehumet.
 39563 | Swamp:4  | Noticed the 27-headed Lernaean hydra
 39641 | Swamp:4  | Killed the 27-headed Lernaean hydra
 39678 | Swamp:4  | Reached skill level 5 in Earth Magic
 39959 | Swamp:4  | Got a decaying rune of Zot
 40280 | Elf:1    | Entered Level 1 of the Elven Halls
 40420 | Elf:1    | Found Koddyig's General Store.
 40434 | Elf:1    | Bought a potion of curing for 48 gold pieces
 40440 | Elf:1    | Found Tydifraf's Antique Armour Emporium.
 40487 | Elf:1    | Identified the +1 whip of Kismet {freeze, +Blink}
 40638 | Elf:1    | Found Vaubotra's Antique Armour Shoppe.
 40703 | Elf:1    | Bought a warped robe for 114 gold pieces
 40703 | Elf:1    | Identified the +1 robe "Doucvew" {rCorr Str+6 Int-5} (You
                  | bought it in a shop on level 1 of the Elven Halls)
 40703 | Elf:1    | Bought a bloodstained robe for 114 gold pieces
 40703 | Elf:1    | Identified the +0 robe "Xohiuc" {Dex+3} (You bought it in a
                  | shop on level 1 of the Elven Halls)
 40765 | Elf:1    | Found Ygru's Distillery.
 40871 | Elf:1    | Bought a potion of invisibility for 104 gold pieces
 40871 | Elf:1    | Bought a potion of cancellation for 104 gold pieces
 40871 | Elf:1    | Bought a potion of heal wounds for 65 gold pieces
 40871 | Elf:1    | Bought a potion of cancellation for 104 gold pieces
 40871 | Elf:1    | Bought a potion of curing for 39 gold pieces
 41479 | Elf:2    | Found Odaell's Weapon Shop.
 41570 | Elf:2    | Found a crumbling gateway.
 41602 | Desolati | Entered the Desolation of Salt
 41745 | Desolati | Reached XP level 20. HP: 153/153 MP: 30/37
 41984 | Desolati | Got the Octavo of the Figure
 41988 | Desolati | Learned a level 2 spell: Passwall
 42013 | Desolati | Identified the staff of death "Amuess" {rN+ SInv}
 42477 | Desolati | Identified the ring "Deasaev" {*Slow rF- rC+ rN+ Will+++}
 42590 | Desolati | Got Sif Muna's Discourse on the Switch
 42595 | Desolati | Got Patoigaf's Codex of Corpses
 42841 | Desolati | Got the Book of the Cloudy Boggart
 42844 | Desolati | Got the Commentary on the Geometric Burn
 42848 | Desolati | Identified the +10 dagger of Checks and Balances {freeze,
                  | rN+}
 42854 | Desolati | Got Tikaz's Codex of Impure Force
 43510 | Elf:2    | Found a huge runed translucent gate.
 43510 | Elf:2    | Found a huge runed translucent gate.
 43510 | Elf:2    | Found a huge runed translucent gate.
 43510 | Elf:2    | Found a huge runed translucent gate.
 43520 | Elf:2    | Found a huge runed translucent gate.
 43887 | Elf:2    | Reached skill level 17 in Conjurations
 44533 | Elf:3    | Entered Level 3 of the Elven Halls
 44636 | Elf:3    | Paralysed by an air elemental for 1 turns
 44828 | Elf:3    | Reached XP level 21. HP: 133/161 MP: 18/38
 44851 | Elf:3    | Reached skill level 10 in Earth Magic
 45547 | Elf:3    | Identified the ring of Yreri {rPois Str+3 Dex+3}
 45847 | Elf:3    | Found the +9 sword of Power {lifebolt}
 45850 | Elf:3    | Identified the +4 long sword "Tatsod" {drain, *Rage rF+
                  | rCorr}
 45873 | Elf:3    | Found the +1 cloak of Starlight {*Dazzle EV+4 Stlth--}
 45874 | Elf:3    | Identified the staff of cold "Zepamn" {rC+ Int+4}
 45881 | Elf:3    | Got the Codex of the Legion and the Ground
 45977 | Elf:3    | Identified the +3 quick blade of Doom {antimagic, rCorr
                  | Dex+3}
 45980 | Elf:3    | Identified the staff of death "Uvite" {rF+ rC- rN+ Str+2}
 45994 | Elf:3    | Identified the +5 eveningstar of Peozop {venom, *Corrode
                  | rPois Will+ Str+9}
 45997 | Elf:3    | Identified the +2 whip "Vuhaef" {heavy, Will+ Dex+5}
 46006 | Elf:3    | Identified the +2 scale mail of Cocytus {rElec}
 46776 | D:13     | Found a gate to the Vaults.
 46887 | D:13     | Identified the orb "Plog" {*Rage, Int+4 SInv}
 47714 | D:14     | Identified the +2 leather armour "Suemm" {Str-5 Int+2
                  | Stlth+}
 47878 | D:14     | Found Fuunk's Assorted Antiques.
 48006 | D:14     | Found a gate leading to a gauntlet.
 48016 | Gauntlet | Entered a Gauntlet
 48016 | Gauntlet | Found a transporter.
 48019 | Gauntlet | Found a transporter.
 48035 | Gauntlet | Found a transporter.
 48039 | Gauntlet | Found a transporter.
 48057 | Gauntlet | Found a transporter.
 48070 | Gauntlet | Found a transporter.
 48078 | Gauntlet | Found a transporter.
 48079 | Gauntlet | Found a transporter.
 48106 | Gauntlet | Found a transporter.
 48126 | Gauntlet | Found a transporter.
 48130 | Gauntlet | Found a transporter.
 48138 | Gauntlet | Found a transporter.
 48284 | Gauntlet | Identified the +1 helmet of Living the Good {Will+ Dex+3}
 48303 | Gauntlet | Identified the +4 flail "Jellyslayer" {drain, +Blink rF+}
 48308 | Gauntlet | Identified the +5 trident of Terrible Blind Justice {flame,
                  | rPois}
 48308 | Gauntlet | Identified the staff of earth "Istrezof" {rF+ Will+}
 48328 | Gauntlet | Identified the +1 robe "Sitt" {Harm Regen+ Int+3}
 49147 | D:15     | Entered Level 15 of the Dungeon
 49185 | D:15     | Noticed Rupert
 49188 | D:15     | Killed Rupert
 49228 | D:15     | Noticed Louise
 49233 | D:15     | Killed Louise
 49509 | D:15     | Found a staircase to the Depths.
 49917 | D:15     | Identified the ring of the Cuttlefish {rF+ Int-3 Dex+3
                  | Slay+4}
 50194 | Vaults:1 | Entered Level 1 of the Vaults
 50471 | Vaults:1 | Reached XP level 22. HP: 170/170 MP: 6/40
 50556 | Vaults:1 | Found a runed translucent gate.
 50556 | Vaults:1 | Found a runed translucent gate.
 50556 | Vaults:1 | Found a runed translucent gate.
 50556 | Vaults:1 | Found an ancient bone altar of Kikubaaqudgha.
 50556 | Vaults:1 | Noticed an ancient lich
 50556 | Vaults:1 | Noticed a dread lich
 50557 | Vaults:1 | Noticed Adoajy's ghost (adept DsWr)
 51121 | Vaults:1 | Learned a level 7 spell: Orb of Destruction
 51504 | Vaults:1 | Identified the +1 falchion of Distant Worlds {heavy, rC++
                  | Will++ Dex-5}
 51506 | Vaults:1 | Identified the +1 crystal plate armour "Yxtew" {Int+4}
 52016 | Vaults:2 | Reached skill level 18 in Conjurations
 52149 | Vaults:2 | Found a staircase to the Crypt.
 52149 | Vaults:2 | Found a basalt altar of Yredelemnul.
 52149 | Vaults:2 | Found an ancient bone altar of Kikubaaqudgha.
 52191 | Vaults:2 | Found Laomeyne's Distillery.
 52199 | Vaults:2 | Bought a potion of brilliance for 60 gold pieces
 52199 | Vaults:2 | Bought a potion of resistance for 150 gold pieces
 52199 | Vaults:2 | Bought a potion of haste for 150 gold pieces
 52199 | Vaults:2 | Bought a potion of heal wounds for 75 gold pieces
 52766 | Vaults:2 | Found Evarow's General Store.
 53008 | Vaults:2 | Found Woem's Magic Scroll Shoppe.
 53015 | Vaults:2 | Bought a scroll of blinking for 127 gold pieces
 53015 | Vaults:2 | Bought a scroll of blinking for 127 gold pieces
 54260 | Vaults:3 | Reached XP level 23. HP: 166/179 MP: 41/41
 54261 | Vaults:3 | Reached skill level 15 in Spellcasting
 55079 | Vaults:3 | Found Werch's Jewellery Emporium.
 56125 | Vaults:4 | Reached skill level 15 in Dodging
 57606 | Vaults:5 | Entered Level 5 of the Vaults
 57611 | Vaults:5 | Reached skill level 15 in Fighting
 57612 | Vaults:5 | Reached skill level 15 in Earth Magic
 57612 | Vaults:5 | Noticed Bai Suzhen
 57619 | Vaults:5 | Gained mutation: Armour fits poorly on your strangely
                  | shaped body. [a shining eye]
 57783 | Vaults:4 | Killed Bai Suzhen
 58057 | Vaults:5 | Noticed a golden dragon
 58088 | Vaults:5 | Identified the +3 falchion "Orb Guardian's Doom" {vamp,
                  | *Corrode rF+ Str+3}
 58089 | Vaults:5 | Slain by a phantasmal warrior

Illustrated notes

Levels and vault maps discovered:
D:1:      saegor_arrival_simple_a, layout_loops_corners, serial_park_tiny_2
D:2:      layout_basic, minmay_vboxes, uniq_jessica, uniq_terence
D:3:      layout_basic
D:4:      layout_basic, lemuel_crystal_altar, uniq_menkaure,
          uniq_crazy_yiuf_cottage
D:5:      layout_gridville, mainiacjoe_overflow_24_doors, st_stairs_4
D:6:      wander_river, layout_loops_ring, grunt_qazlal_clouds,
          nicolae_overflow_hidden_temple, temple_fountains, enter_ossuary_2,
          minmay_misc_feat_nine_boxes
D:7:      cheibrodos_barr_body, layout_basic
D:8:      gammafunk_jiyva_shrine, layout_loops_ring, old_standard_altar,
          nicolae_ru_the_path_less_chosen, jmf_multi_god_temple2,
          serial_co_window_serial, co_window_paths_b, co_window_paths_a,
          co_window_paths_a, co_window_corner_a, co_window_paths_a,
          co_window_broadway_c, co_window_of_opportunity_b, co_window_2corner,
          co_window_unsneaky_path_c, co_window_cross_2, co_window_2corner,
          co_window_2corner, glass_columns_a, glass_columns_b, glass_columns_c,
          glass_columns_a
D:9:      layout_basic, orc_david_3, uniq_harold
D:10:     layout_roguey, mainiacjoe_overflow_paths, lemuel_round_altar,
          nzn_hepliaklqana_mist_gate, mainiacjoe_overflow_chevrons,
          minmay_tree_intersection
D:11:     nzn_winding_woodlands_small [nzn_winding_woodlands_5x15_twine,
          nzn_winding_woodlands_center_diamonds,
          nzn_winding_woodlands_5x15_sidewinder], layout_loops_ring,
          dpeg_oklobed_lair, grunt_ministairs_4, minmay_beelzebubs_servants
D:12:     layout_gridville, uniq_kirke, uniq_snorg
D:13:     layout_long_grid, david_vaults_3
D:14:     layout_roguey, serial_co_window_serial, co_window_corner_a,
          co_window_corner_a, co_window_paths_a, co_window_paths_a,
          co_window_corner_a, co_window_paths_a, co_window_paths_b,
          co_window_cross_3, co_window_of_opportunity_b,
          co_window_of_opportunity_b, co_window_broadway_b,
          co_window_broadway_a, co_window_corner_b, co_window_4corner_b,
          co_window_paths_d, glass_columns_c, glass_columns_a,
          gauntlet_entry_generic, serial_shops, shop, kennysheep_just_a_vault
D:15:     hangedman_depths_entry_try_elsewhere_first, layout_gridville,
          uniq_louise, uniq_rupert
Temple:   nicolae_temple_ecumenical_triangle
Lair:1:   layout_misc_corridors, beast_lair_carwin_10, lemuel_fruit_fields,
          infiniplex_staircase_pool_2
Lair:2:   kb_forest_paths, layout_regular_city,
          hellmonk_spider_entry_life_and_decay, infiniplex_staircase_pool
Lair:3:   beast_lair_carwin_large_3, layout_loops_ring,
          minmay_swamp_entry_wisps, lemuel_fruit_tree, uniq_nergalle
Lair:4:   layout_misc_corridors, nicolae_slime_entry_field_trip
Lair:5:   minmay_lair_end_frog_pond, layout_gridlike,
          nicolae_quartered_pool_super, serial_bayou_shore_a, uniq_urug
Swamp:1:  layout_basic_swamp, evilmike_swamp_ruin_house_6,
          statue_in_the_mist_lemuel, hangedman_swamp_pad
Swamp:2:  nicolae_swamp_wrong_neighborhood, layout_basic_swamp,
          wheals_swamp_sinkhole, swamp_pool5, uniq_mlioglotl
Swamp:3:  layout_basic_swamp, evilmike_swamp_ruin_house_3
Swamp:4:  swamp_old_school, layout_basic_swamp
Spider:1: layout_spider_delve
Spider:2: layout_spider_delve
Spider:3: layout_spider_delve
Spider:4: spider_rune_water, portal_ice_cave_entry_pillars_four
Orc:1:    layout_caves, ebering_ghost_gozag
Orc:2:    kennysheep_orc_mage_school, layout_diamond_mine
Elf:1:    eino_elf_arrival_customs, layout_geoelf_octagon, serial_shops,
          nicolae_shop_hallway_plus, shop, nicolae_shop_industrial_runoff, shop
Elf:2:    elven_hall_of_blades_hangedman_alternative
          [nicolae_blade_little_rooms], layout_geoelf_octagon, serial_shops,
          shop_coins, portal_desolation_entry_twin_temple
Elf:3:    minmay_elf_hall_hex, layout_loops_corners, serial_glass,
          glass_columns_a, glass_columns_a, nrook_uturn
Vaults:1: gammafunk_ghost_crypt, nicolae_vaults_double_plus_1,
          vaults_room_door_hall, nicolae_vaults_house_1, nicolae_vaults_cochlea,
          nicolae_vaults_shrinking_rooms_1, hangedman_vaults_stream,
          vaults_room_ringed_pool, nicolae_vaults_mush_room, v_misc_9,
          nicolae_vaults_door_testing_chamber, layout_vaults_ring
Vaults:2: nicolae_vaults_stairing_the_circle, hangedman_vaults_trim,
          minmay_crypt_entry_necro_gods, nicolae_vaults_layer_cake_slice,
          ontoclasm_vaults_ring_small, grunt_vaults_focal,
          grunt_vaults_hallway_long, ontoclasm_vaults_idyll, vaults_dpeg_spiral,
          ontoclasm_vaults_hangar, layout_vaults_omnigrid, serial_shops,
          nicolae_shop_advertising_works [nicolae_subvault_shop_adworks], shop,
          shop
Vaults:3: hangedman_vaults_maws, v_alt_pattern_5, nicolae_vaults_sealed_display,
          hangedman_vaults_cutoff, nicolae_vaults_hallways_thing,
          dpeg_vaults_monster_row, v_misc_8, v_rooms_5,
          nicolae_vaults_statue_guard, layout_vaults_maze_bifur, serial_shops,
          nicolae_lakefront_shop
Vaults:4: nicolae_vaults_offset_grid_hallway_2, st_octagons_2,
          nicolae_vaults_oval_intersection, hangedman_vaults_hat,
          vaults_room_fours, hangedman_vaults_impose, v_misc_14,
          ontoclasm_vaults_pinch, nicolae_vaults_variable_pillar_hall,
          nicolae_vaults_trapezoid_layered, nicolae_vaults_little_squares_3,
          nicolae_vaults_turnstiles, ontoclasm_vaults_decontamination,
          grunt_vaults_hallway_short, layout_vaults_big_cross
Vaults:5: uniq_saint_roka, uniq_sojobo, uniq_bai_suzhen

Skill      XL: |  1  2  3  4  5  6  7  8  9 10 11 12 13 14 15 16 17 18 19 20 21 22 23 |
---------------+----------------------------------------------------------------------+-----
Conjurations   | 5 6 8 9 11 12 13 14 15 16 17 18 | 18.7
Poison Magic   | 1 2 3 4 6 7 8 9 |  9.6
Staves         | 1 2 4 5 6 9 10 11 12 | 12.0
Spellcasting   | 3 4 6 7 8 9 10 11 12 13 14 15 | 15.5
Fighting       | 1 3 5 6 7 8 9 10 11 12 13 14 15 | 15.1
Stealth        | 4 5 |  5.2
Dodging        | 4 5 6 7 8 9 10 11 12 13 14 15 | 15.4
Hexes          | 4 7 9 10 12 13 14 | 14.3
Earth Magic    | 2 6 9 11 13 15 | 15.2

Action                     |  1- 3 |  4- 6 |  7- 9 | 10-12 | 13-15 | 16-18 | 19-21 | 22-24 || total
---------------------------+-------+-------+-------+-------+-------+-------+-------+-------++-------
  Melee: Unarmed           |    25 |       |       |       |       |       |       |       ||    25
         Staff             |       |     5 |     2 |    57 |    88 |    55 |    34 |    13 ||   254
         Punch             |       |       |       |     1 |       |       |       |       ||     1
   Cast: Magic Dart        |    54 |    31 |    57 |    19 |       |       |       |       ||   161
         Searing Ray       |     5 |    14 |    60 |   103 |   182 |   128 |       |       ||   492
         Olgreb's Toxic Ra |       |       |     2 |    42 |   103 |   150 |    64 |    31 ||   392
         Shock             |       |       |       |    19 |    35 |   141 |   128 |     1 ||   324
         Fulminant Prism   |       |       |       |    12 |    29 |    52 |    15 |     5 ||   113
         Ignite Poison     |       |       |       |       |    23 |    40 |    34 |    20 ||   117
         Iskenderun's Batt |       |       |       |       |    12 |   100 |   128 |    59 ||   299
         Iron Shot         |       |       |       |       |       |    36 |   353 |   243 ||   632
         Airstrike         |       |       |       |       |       |     2 |       |       ||     2
         Arcjolt           |       |       |       |       |       |       |     1 |     2 ||     3
         Orb of Destructio |       |       |       |       |       |       |       |    52 ||    52
         Freezing Cloud    |       |       |       |       |       |       |       |     1 ||     1
    Use: Potion            |       |     1 |       |       |       |    16 |     7 |       ||    24
         Scroll            |       |       |    10 |    13 |     6 |    12 |    10 |     8 ||    59
 Armour: Robe              |    12 |     9 |    33 |    41 |    69 |   117 |    29 |    19 ||   329
         Skin              |       |       |       |       |       |    27 |       |       ||    27
  Dodge: Dodged            |    35 |    12 |    41 |   138 |   209 |   313 |   152 |    88 ||   988
